 Dungeon Crawl Stone Soup version 0.29.1-15-g9cfb28693d (webtiles) character file.

Game seed: 11041690764951069244

67 Ayazi56 the Ducker (level 3, -1/17 HPs)
             Began as a Felid Monk on Apr 14, 2023.
             Was a Priest of Dithmenos.
             Frozen to death by an endoplasm (2 damage)
             ... on level 2 of the Dungeon.
             The game lasted 00:08:12 (1049 turns).

Ayazi56 the Ducker (Felid Monk)                     Turns: 1049, Time: 00:08:12

Health: -1/17      AC:  1    Str:  7    XL:     3   Next: 98%
Magic:  4/4        EV: 19    Int: 11    God:    Dithmenos [***...]
Gold:   109        SH:  0    Dex: 20    Spells: 2/2 levels left
                                        Lives:  0   Deaths: 0

rFire   . . .      SeeInvis +     - Unarmed
rCold   + . .      Faith    .   (shield unavailable)
rNeg    . . .      Spirit   .   (body armour unavailable)
rPois   .          Reflect  .   (helmet unavailable)
rElec   .          Harm     .   (cloak unavailable)
rCorr   .          Rampage  .   (gloves unavailable)
Will    .....                   (boots unavailable)
Stlth   ++++......              (no amulet)
HPRegen 0.05/turn               g - ring of protection from cold
MPRegen 0.09/turn               (no ring)

@: wreathed by umbra, quick
A: very small, claws 1, fangs 3, see invisible, speed 1, shaggy fur 1, stealthy
paws, no weapons or thrown items, no armour, multi-lived
a: Renounce Religion, Shadow Step


You were on level 2 of the Dungeon.
You worshipped Dithmenos.
Dithmenos was most pleased with you.
You visited 1 branch of the dungeon, and saw 2 of its levels.

You collected 109 gold pieces.

Inventory:

Jewellery
 g - a ring of protection from cold (left paw)
Scrolls
 b - a scroll of blinking {unknown}
 c - 5 scrolls of identify {unknown}
 e - a scroll of vulnerability {unknown}
 h - a scroll of summoning {unknown}
 i - 3 scrolls of teleportation {unknown}
 k - a scroll of enchant weapon {unknown}
Potions
 a - a potion of ambrosia
 d - 2 potions of might {unknown}
 f - a potion of degeneration {unknown}
 j - a potion of attraction {unknown}
 l - a potion of lignification {unknown}


   Skills:
 + Level 3.3 Fighting
 + Level 4.5 Dodging
 + Level 3.7 Stealth
 + Level 3.9 Unarmed Combat


You had 2 spell levels left.
You didn't know any spells.
Your spell library was empty.

Dungeon Overview and Level Annotations

Branches:
Dungeon (2/15)

Altars:
Dithmenos


Innate Abilities, Weirdness & Mutations

You have sharp claws.
You have razor-sharp teeth.
You have supernaturally acute eyesight. (SInv)
You cover ground quickly. (Speed+)
You are covered in fur. (AC +1)
Your paws help you pounce on unaware monsters.
You are incapable of wielding weapons or throwing items.
You cannot wear armour.
You gain extra lives every three experience levels.


Message History

* * * LOW HITPOINT WARNING * * *
You scratch the kobold but do no damage.
The kobold misses you.
You barely miss the kobold. The kobold completely misses you.
You closely miss the kobold. The kobold misses you.
You claw the kobold!
You kill the kobold!
Dithmenos accepts your kill.
i - 3 scrolls labelled SIXKIM JI SOI (gained 1)
You see here a +0 club.
Found 8 gold pieces.
You now have 78 gold pieces (gained 8).
Found a stone staircase leading up.
You see here a +0 sling.
Found 16 gold pieces.
Found 6 stones.
Found an escape hatch in the floor.
Found 15 gold pieces.
You now have 92 gold pieces (gained 14).
You now have 94 gold pieces (gained 2).
You now have 109 gold pieces (gained 15).
You see here 6 stones.
A goblin comes into view. It is wielding a +0 club.
Found 3 stones.
Found a stone staircase leading down.
An endoplasm comes into view.
The endoplasm quivers.
The goblin hits you with a +0 club.
* * * LOW HITPOINT WARNING * * *
You barely miss the goblin. The goblin closely misses you.
The endoplasm completely misses you.
You scratch the goblin.
The goblin is heavily wounded.
The goblin closely misses you. The endoplasm freezes you.
You are frozen.
You resist.
You scratch the goblin.
You kill the goblin!
Dithmenos accepts your kill. The endoplasm freezes you.
You are frozen.
You resist.
You die...

.###.####### ............ ......
.. ......###### ....# ##. ..
............ .... >. ...
.......####. ..# ##.##.#
#...#........####.###.....#
........##.........##.....#
#...............)........########
#......####....J@........#.......
#........................#.......
......######...........###.......
....... ........................
...#.########.(............(.....
...#..... .........>..........##
......#+##########.............#
............. ...............#
.............. ................#


You could see an endoplasm.

Vanquished Creatures
  2 adders (D:2)
  A worm (D:2)
  A dart slug (D:2)
  5 ball pythons
  4 bats (D:1)
  4 endoplasms
  A giant cockroach (D:1)
  2 goblins (D:2)
  6 hobgoblins
  4 jackals (D:2)
  2 quokkas (D:2)
  2 frilled lizards
  5 kobolds
  A rat (D:1)
40 creatures vanquished.

Notes
Turn   | Place    | Note
-------+----------+-------------------------------------------
     0 | D:1      | Ayazi56 the Felid Monk began the quest for the Orb.
     0 | D:1      | Reached XP level 1. HP: 10/10 MP: 2/2
   251 | D:1      | Reached XP level 2. HP: 11/14 MP: 3/3
   328 | D:1      | Found a faded altar of an unknown god.
   343 | D:1      | Prayed at the altar of an unknown god.
   343 | D:1      | Became a worshipper of Dithmenos the Shadowed
   343 | D:1      | Reached * piety under Dithmenos
   343 | D:1      | Reached ** piety under Dithmenos
   768 | D:2      | Reached *** piety under Dithmenos
   769 | D:2      | Reached XP level 3. HP: 14/17 MP: 4/4
  1049 | D:2      | Frozen to death by an endoplasm

Illustrated notes

Levels and vault maps discovered:
D:1:      minmay_arrival_plants_in_alcoves, layout_basic,
          chequers_ecumenical_altar_simple_redux
D:2:      layout_basic, minmay_crystal_water, minmay_misc_feat_more_columns,
          minmay_between

Skill      XL: |  1  2 |
---------------+-------+-----
Stealth        | 3 |  3.7
Fighting       | |  3.3
Dodging        | |  4.5
Unarmed Combat | |  3.9

Action                   || total
-------------------------++-------
Melee: Unarmed           ||    96
       Bite              ||     5
       Punch             ||     3
 Stab: Sleeping          ||    14
Armor: Skin              ||     3
Dodge: Dodged            ||    89
